 Dungeon Crawl Stone Soup version 0.30-a0-696-g2367cd04db (webtiles) character file.

Game seed: 13489778606964851926

255 acebull12 the Covered (level 5, -4/46 HPs)
             Began as a Minotaur Fighter on Jan 20, 2023.
             Slain by an ogre
             ... wielding a +0 giant club
              (11 damage)
             ... on level 5 of the Dungeon.
             The game lasted 00:03:02 (2336 turns).

acebull12 the Covered (Minotaur Fighter)            Turns: 2336, Time: 00:03:03

Health: -4/46      AC: 10    Str: 22    XL:     5   Next: 91%
Magic:  0/4        EV:  9    Int:  5    God:
Gold:   152        SH:  5    Dex: 10    Spells: 4/4 levels left

rFire   . . .      SeeInvis .    a - +0 war axe
rCold   . . .      Faith    .    c - +0 buckler
rNeg    . . .      Spirit   +    b - +0 scale mail
rPois   .          Reflect  .    (helmet restricted)
rElec   .          Harm     .    (no cloak)
rCorr   .          Rampage  .    (no gloves)
Will    .....                    l - +2 pair of boots Stlth
                                 s - amulet of guardian spirit
HPRegen 0.27/turn                (no ring)
MPRegen 0.09/turn                (no ring)

@: no status effects
A: horns 2, retaliatory headbutt
a: no special abilities


You were on level 5 of the Dungeon.
You visited 1 branch of the dungeon, and saw 4 of its levels.

You collected 152 gold pieces.

Inventory:

Hand Weapons
 a - a +0 war axe (weapon)
Missiles
 m - 6 stones (quivered)
 p - a throwing net
Armour
 b - a +0 scale mail (worn)
 c - a +0 buckler (worn)
 l - a +2 pair of boots (worn)
Jewellery
 f - a ring of protection from cold
 s - an amulet of guardian spirit (around neck)
Scrolls
 e - a scroll of enchant armour {unknown}
 g - 3 scrolls of identify {unknown}
 j - a scroll of vulnerability {unknown}
 o - a scroll of poison {unknown}
 q - a scroll of magic mapping {unknown}
 r - a scroll of fear {unknown}
Potions
 d - 2 potions of might
 h - 2 potions of mutation {unknown}
 i - a potion of curing {unknown}
 k - a potion of magic {unknown}
 n - a potion of cancellation {unknown}


   Skills:
 + Level 4.2 Fighting
 * Level 4.4 Axes
 * Level 5.3 Armour
 + Level 0.7 Dodging
 * Level 5.2 Shields


You had 4 spell levels left.
You didn't know any spells.
Your spell library contained the following spells:

 Spells                   Type           Power      Damage    Failure   Level
 Foxfire                  Conj/Fire      0%         2x1d4     86%         1
 Sandblast                Erth           0%         2d4       86%         1
 Passwall                 Tmut/Erth      0%         N/A       95%         2
 Stone Arrow              Conj/Erth      0%         3d7       99%         3
 Fireball                 Conj/Fire      0%         3d3       100%        5
 Starburst                Conj/Fire      0%         6d3       100%        6


Dungeon Overview and Level Annotations

Branches:
Dungeon (3/15)

Altars:
Dithmenos

Shops:
D:1 !


Innate Abilities, Weirdness & Mutations

You have a pair of horns on your head.
You reflexively headbutt those who attack you in melee.


Message History

No target in view!
Magic restored.
HP restored.
You open the door.
There is an open door here.
You open the door.
There is an open door here.
You open the door.
There is an open door here.
An ogre comes into view. It is wielding a +0 giant club.
The ogre shouts!
Found a dyed leather armour.
You see here a +3 leather armour.
You open the door.
There is an open door here.
Found 11 gold pieces.
Found a metallic green potion.
You see here 11 gold pieces.
You slash the ogre!
The ogre is heavily wounded.
The ogre hits you with a +0 giant club!
You hit the ogre. Your headbutt misses the ogre.
The ogre is heavily wounded.
The ogre hits you with a +0 giant club!!
Ouch! That really hurt!
* * * LOW HITPOINT WARNING * * *
The ogre attacks as you move away! The ogre barely misses you.
Found a stone staircase leading down.
Found a ring mail. 2 gnolls come into view.
The gnoll shouts! x2
A gnoll comes into view. It is wielding a +0 flail.
The ogre barely misses you. The ogre attacks as you move away!
The ogre hits you with a +0 giant club.
* * * LOW HITPOINT WARNING * * *
You open the door.
An iguana comes into view.
The iguana hisses angrily.
The ogre hits you with a +0 giant club!
You die...

#[... #[.....O...'... #
#.>.################...
#.#.............$........
#....g#......!...........
####...##...##########.#.
##.g##...# . ...#.
#..g#...#... .#####
#.#O#....... .
#.#.@....... #.###.......
... .##.... ... .. l..
... ### .


You could see an ogre, an iguana and 3 gnolls.

Vanquished Creatures
  A hound (D:5)
  Natasha (twice) (D:3)
  An iguana (D:2)
  4 gnolls
  4 adders (D:2)
  A white imp (D:5)
  A worm (D:2)
  2 dart slugs (D:2)
  6 orcs (D:3)
  7 bats
  4 endoplasms
  3 giant cockroaches
  7 goblins
  3 hobgoblins
  2 jackals (D:1)
  2 quokkas (D:2)
  3 ball pythons
  2 frilled lizards
  7 rats
62 creatures vanquished.

Notes
Turn   | Place    | Note
-------+----------+-------------------------------------------
     0 | D:1      | acebull12 the Minotaur Fighter began the quest for the Orb.
     0 | D:1      | Reached XP level 1. HP: 19/19 MP: 0/0
   131 | D:1      | Reached XP level 2. HP: 24/27 MP: 1/1
   316 | D:1      | Found Qucaac's Distillery.
   442 | D:1      | Reached XP level 3. HP: 33/33 MP: 2/2
   985 | D:2      | Reached XP level 4. HP: 36/40 MP: 3/3
  1649 | D:2      | Reached XP level 5. HP: 42/46 MP: 4/4
  1748 | D:3      | Noticed Natasha
  1751 | D:3      | Killed Natasha
  1752 | D:3      | Reached skill level 5 in Shields
  1857 | D:3      | Found a shadowy altar of Dithmenos.
  1882 | D:3      | Noticed Natasha
  1891 | D:3      | Killed Natasha
  1892 | D:3      | Reached skill level 5 in Armour
  2094 | D:3      | You fall into a shaft and drop 2 floors!
  2094 | D:5      | Entered Level 5 of the Dungeon
  2259 | D:5      | Noticed an ogre
  2336 | D:5      | Slain by an ogre

Illustrated notes

Levels and vault maps discovered:
D:1:      scummos_arrival_forest, layout_basic, serial_shops, shop
D:2:      layout_loops_ring, minmay_surrounded
D:3:      layout_basic, ashenzari_conservatory_becter, lemuel_crystal_altar,
          hellmonk_ecumenical_altar_dog_temple, uniq_natasha
D:5:      layout_basic

Skill      XL: |  1  2  3  4  5 |
---------------+----------------+-----
Shields        | 4 5 |  5.2
Armour         | 4 5 |  5.3
Fighting       | 4 |  4.2
Axes           | 3 4 |  4.4
Dodging        | |  0.7

Action                   |  1- 3 |  4- 6 || total
-------------------------+-------+-------++-------
Melee: War axe           |    55 |    77 ||   132
       Headbutt          |     8 |     9 ||    17
Armor: Scale mail        |    32 |    35 ||    67
Dodge: Dodged            |    34 |    29 ||    63
Block: Buckler           |    20 |    17 ||    37

Table legend: (Time is in decaauts)
 A = Elapsed time spent in this place.
 B = Non-inter-level travel time spent in this place.
 C = Inter-level travel time spent in this place.
 D = Time resting spent in this place.
 E = Time spent auto-exploring this place.
 F = Levels seen in this place.
 G = Mean time per level.
                   A        B        C        D        E       F      G
               +--------+--------+--------+--------+--------+-----+--------+
         Total |   2392 |   2215 |    177 |      0 |   1734 |   4 |  598.0 |
       Dungeon |   2392 |   2215 |    177 |      0 |   1734 |   4 |  598.0 |
               +--------+--------+--------+--------+--------+-----+--------+

Top non-repeatable levels by time:
     D:1: 883 daAuts
     D:2: 810 daAuts
     D:3: 452 daAuts
     D:5: 246 daAuts
